 Dungeon Crawl Stone Soup version 0.30-a0-331-g8ab09dc110 (webtiles) character file.

Game seed: 6102809698991404295

1716 oldriver the Trooper (level 9, -10/70 HPs)
             Began as a Djinni Hedge Wizard on Oct 29, 2022.
             Was a Follower of Ashenzari.
             Shot with an arrow by a centaur (12 damage)
             ... on level 6 of the Dungeon.
             The game lasted 00:13:28 (6300 turns).

oldriver the Trooper (Djinni Hedge Wizard)          Turns: 6300, Time: 00:13:29

Health: -10/70     AC:  6    Str:  9    XL:     9   Next: 24%
Gold:   265        EV: 14    Int: 26    God:    Ashenzari [*.....] SH:  0 Dex: 13

rFire   + + .      SeeInvis .    D - +4 flail (holy)
rCold   x . .      Faith    .    (no shield)
rNeg    . . .      Spirit   .    b - +0 robe
rPois   ∞          Reflect  .    c - +2 hat of the Shackled Sorrow {Self, Range} (curse)
rElec   .          Harm     .    f - +0 cloak
rCorr   .          Rampage  .    s - +0 pair of gloves
Will    .....                    (boots unavailable)
Stlth   ++........               (no amulet)
HPRegen 0.31/turn                C - ring of the Enlightened Welkin {Int+6, Self, Range} (curse)
MPRegen 0.00/turn                (no ring)

@: flying
A: sickness immunity, fire resistance 2, cold vulnerability 1, float, innate
caster, HP casting, extra vitality 1
a: Renounce Religion, Shatter the Chains


You were on level 6 of the Dungeon.
You worshipped Ashenzari.
Ashenzari was aware of your devotion.
You visited 1 branch of the dungeon, and saw 6 of its levels.
You also visited: Sewer.

You collected 265 gold pieces.

Inventory:

Hand Weapons
 D - a +4 flail of holy wrath (weapon)
Armour
 b - a +0 robe (worn)
 c - the cursed +2 hat of the Shackled Sorrow (worn) {Self, Range}

   It has a curse which improves the following skills: Introspection: Fighting
   and Spellcasting.
   Ranged Combat: Ranged Weapons and Throwing.
 f - a +0 cloak (worn)
 s - a +0 pair of gloves (worn)
Jewellery
 C - the cursed ring of the Enlightened Welkin (left hand) {Int+6, Self, Range}
   (You found it on level 4 of the Dungeon)

   [ring of intelligence]

   Int:       It affects your intelligence (+6).
   It has a curse which improves the following skills: Introspection: Fighting
   and Spellcasting.
   Ranged Combat: Ranged Weapons and Throwing.
Wands
 u - a wand of roots (4)
Scrolls
 e - a scroll of silence
 o - 2 scrolls of immolation
 q - a scroll of brand weapon
 t - a scroll of magic mapping
 v - a scroll of teleportation
 y - a scroll of blinking
 A - a scroll of butterflies
Potions
 a - 2 potions of curing
 h - a potion of berserk rage
 i - 2 potions of brilliance
 l - 3 potions of cancellation
 m - a potion of lignification
 n - a potion of attraction
 w - a potion of haste
 x - a potion of mutation
 z - 3 potions of might


   Skills:
 * Level 6.9(8.3) Fighting
 + Level 5.8 Dodging
 - Level 1.5 Stealth
 * Level 6.0(7.3) Spellcasting


You had one spell level left.
You knew the following spells:

 Your Spells              Type           Power      Damage    Failure   Level
a - Magic Dart            Conj           100%       1d8       1%          1
b - Call Imp              Summ           47%        N/A       1%          2
c - Blink                 Tloc           94%        N/A       1%          2
d - Slow                  Hex            100%       N/A       1%          1
e - Cigotuvi's Dreadful   Necr/Pois/Air  94%        N/A       1%          2
f - Mephitic Cloud        Conj/Pois/Air  47%        N/A       1%          3
h - Poisonous Vapours     Pois/Air       94%        N/A       1%          2
p - Fulminant Prism       Conj/Hex       23%        3d12      3%          4
s - Swiftness             Air            47%        N/A       1%          3
z - Foxfire               Conj/Fire      100%       2x1d9     1%          1
Your spell library was empty.

Dungeon Overview and Level Annotations

Branches:
Dungeon (6/15)              Sewer (visited)
 Temple: D:4-7

Altars:
Ashenzari

Annotations:
D:3 1 runed translucent door, Crazy Yiuf


Innate Abilities, Weirdness & Mutations

You are immune to sickness and miasma.
You are immune to poison.
Your flesh is very heat resistant. (rF++)
You are vulnerable to cold. (rC-)
You float through the air rather than walking.
You learn spells naturally, not from books.
Your magical power is your life essence.
You have superior vitality. (+4 MHP)


Message History

Aiming: Magic Dart (safe; 1% risk of failure)
Press: ? - help, Shift-Dir - straight line, f - ufetubus
Aim: an ufetubus (severely wounded, 100% to hit)
The magic dart hits the ufetubus.
You kill the ufetubus!
The centaur shoots an arrow.
The arrow closely misses you.
The centaur unwields a +0 shortbow.
The centaur hits your fulminant prism but does no damage.
The centaur kicks your fulminant prism.
Your fulminant prism explodes!
The blast of energy engulfs the centaur!
You kill the centaur!
The blast of energy engulfs the centaur.
The centaur is severely wounded.
The centaur shoots an arrow.
The arrow hits you!
* * * LOW HITPOINT WARNING * * *
You hear an angry hiss.
Your base Spellcasting skill increases to level 6!
Casting: Magic Dart (safe; 1% risk of failure)
Confirm with . or Enter, or press ? or * to list all spells.
Aiming: Magic Dart (safe; 1% risk of failure)
Press: ? - help, Shift-Dir - straight line, f - centaur
Aim: a centaur, wielding a +0 shortbow (severely wounded, 100% to hit)
The magic dart hits the centaur.
The centaur is severely wounded.
* * * LOW HITPOINT WARNING * * *
The centaur shoots an arrow.
The arrow hits you.
* * * LOW HITPOINT WARNING * * *
Casting: Magic Dart (safe; 1% risk of failure)
Confirm with . or Enter, or press ? or * to list all spells.
Aiming: Magic Dart (safe; 1% risk of failure)
Press: ? - help, Shift-Dir - straight line, f/p - centaur
Aim: a centaur, wielding a +0 shortbow (severely wounded, 100% to hit)
The magic dart hits the centaur.
The centaur is almost dead.
* * * LOW HITPOINT WARNING * * *
The centaur shoots an arrow.
The arrow hits you!
* * * LOW HITPOINT WARNING * * *
The centaur shoots an arrow.
The arrow hits you!
You die...

#.#.....
####......# .
#.........## ..
#..........# ...
#........#.##....
#........#.......
#........).......
#.......c.#
#....@....#
#........##
#........#
#####<#### ###


You could see a centaur.

Vanquished Creatures
  Sigmund (D:3)
  Edmund (D:5)
  A water moccasin (D:5)
  An ogre (D:4)
  2 centaurs
  A phantom (D:4)
  5 kobold brigands (Sewer)
  A necrophage (D:5)
  2 scorpions
  A hound (D:4)
  A jelly (D:6)
  Jessica (D:2)
  Terence (D:2)
  Natasha (twice) (D:2)
  An iguana (D:4)
  3 gnolls (D:4)
  17 adders
  3 river rats (Sewer)
  3 ufetubi
  4 worms
  4 dart slugs
  An orc (D:4)
  11 endoplasms
  A giant cockroach (D:3)
  8 goblins
  3 jackals (D:5)
  4 quokkas
  6 ball pythons
  8 bats
  12 kobolds
  9 rats
119 creatures vanquished.

Vanquished Creatures (collateral kills)
  A river rat (Sewer)
  A ball python (Sewer)
  2 foxfires (D:3)
4 creatures vanquished.

Vanquished Creatures (others)
  437 foxfires
  8 fulminant prisms
  2 plants (D:3)
447 creatures vanquished.

Grand Total: 570 creatures vanquished

Notes
Turn   | Place    | Note
-------+----------+-------------------------------------------
     0 | D:1      | oldriver the Djinni Hedge Wizard began the quest for the
                  | Orb.
     0 | D:1      | oldriver set off with the following spells memorised: Magic
                  | Dart, Slow, Blink, Call Imp, Cigotuvi's Dreadful Rot,
                  | Mephitic Cloud.
     0 | D:1      | Reached XP level 1. HP: 15/15 MP: 0/0
   138 | D:1      | Reached XP level 2. HP: 16/22 MP: 0/0
   174 | D:1      | Reached skill level 1 in Fighting
   598 | D:1      | Reached XP level 3. HP: 19/27 MP: 0/0
   598 | D:1      | Learned a level 1 spell: Foxfire
  1182 | D:2      | Noticed Terence
  1248 | D:2      | Killed Terence
  1249 | D:2      | Reached XP level 4. HP: 23/33 MP: 0/0
  1509 | D:2      | Noticed Jessica
  1513 | D:2      | Killed Jessica
  1514 | D:2      | Reached XP level 5. HP: 36/39 MP: 0/0
  1514 | D:2      | Learned a level 2 spell: Poisonous Vapours
  2098 | D:2      | Noticed Natasha
  2118 | D:2      | Killed Natasha
  2268 | D:2      | Noticed Natasha
  2273 | D:2      | Killed Natasha
  2425 | D:3      | Found a broken altar of Ashenzari.
  2758 | D:3      | Noticed Sigmund
  2798 | D:3      | Killed Sigmund
  2799 | D:3      | Reached XP level 6. HP: 25/47 MP: 0/0
  2948 | D:3      | Found a glowing drain.
  2960 | Sewer    | Entered a sewer
  3015 | Sewer    | Reached XP level 7. HP: 40/52 MP: 0/0
  3015 | Sewer    | Learned a level 3 spell: Swiftness
  3595 | Sewer    | Reached skill level 5 in Fighting
  3595 | Sewer    | Reached XP level 8. HP: 50/59 MP: 0/0
  3777 | D:3      | Became a worshipper of Ashenzari the Shackled
  4047 | D:3      | Found a runed translucent door.
  4048 | D:3      | Noticed Crazy Yiuf
  4695 | D:4      | Reached skill level 5 in Spellcasting
  5146 | D:4      | Reached skill level 5 in Dodging
  5511 | D:5      | Entered Level 5 of the Dungeon
  5696 | D:5      | Noticed Edmund
  5723 | D:5      | Killed Edmund
  6019 | D:5      | Reached XP level 9. HP: 59/68 MP: 0/0
  6019 | D:5      | Learned a level 4 spell: Fulminant Prism
  6149 | D:5      | Reached * piety under Ashenzari
  6300 | D:6      | HP: 2/70 [centaur/arrow (10)]
  6300 | D:6      | Shot with an arrow by a centaur

Illustrated notes

Levels and vault maps discovered:
D:1:      eino_arrival_water_cross, layout_loops_ring, minmay_tiny_reverse_x
D:2:      layout_basic, uniq_terence, uniq_natasha, uniq_jessica
D:3:      layout_loops_cross, old_standard_altar, portal_sewer_entry_d,
          chequers_avenue, serial_bayou_pond_c, hangedman_decor_growths,
          lexackson_kobold_supper, uniq_crazy_yiuf_cottage, uniq_sigmund
D:4:      layout_rooms
D:5:      layout_rooms, uniq_edmund
D:6:      kennysheep_six_static_rooms, layout_basic,
          minmay_temple_entry_nine_rooms, ebering_ghost_disaster_area,
          minivault_24, minmay_increasing_density

Skill      XL: |  1  2  3  4  5  6  7  8  9 |
---------------+----------------------------+-----
Fighting       | 1 2 3 4 5 6 |  6.9
Spellcasting   | 3 4 5 6 |  6.0
Dodging        | 3 4 5 |  5.8
Stealth        | |  1.5

Action                   |  1- 3 |  4- 6 |  7- 9 || total
-------------------------+-------+-------+-------++-------
Melee: Dagger            |       |       |     4 ||     4
 Cast: Magic Dart        |    61 |    17 |    88 ||   166
       Foxfire           |    38 |    92 |   162 ||   292
       Slow              |     3 |       |     2 ||     5
       Blink             |     1 |     1 |     1 ||     3
       Call Imp          |       |     3 |     6 ||     9
       Poisonous Vapours |       |     2 |     1 ||     3
       Mephitic Cloud    |       |       |     4 ||     4
       Swiftness         |       |       |     3 ||     3
       Fulminant Prism   |       |       |     8 ||     8
Invok: Curse Item        |       |       |     2 ||     2
  Use: Scroll            |     2 |       |     5 ||     7
       Potion            |     1 |       |     1 ||     2
Armor: Robe              |       |       |    12 ||    12
Dodge: Dodged            |    17 |     7 |    40 ||    64

Table legend: (Time is in decaauts)
 A = Elapsed time spent in this place.
 B = Non-inter-level travel time spent in this place.
 C = Inter-level travel time spent in this place.
 D = Time resting spent in this place.
 E = Time spent auto-exploring this place.
 F = Levels seen in this place.
 G = Mean time per level.
                   A        B        C        D        E       F      G
               +--------+--------+--------+--------+--------+-----+--------+
         Total |   6303 |   5913 |    390 |    518 |   4322 |   7 |  900.4 |
       Dungeon |   5551 |   5161 |    390 |    459 |   3871 |   6 |  925.2 |
         Sewer |    752 |    752 |      0 |     59 |    451 |   1 |  752.0 |
               +--------+--------+--------+--------+--------+-----+--------+

Top non-repeatable levels by time:
     D:2: 1443 daAuts
     D:3: 1304 daAuts
     D:4: 1065 daAuts
     D:1: 950 daAuts
     D:5: 766 daAuts
   Sewer: 752 daAuts
     D:6: 20 daAuts
